 Dungeon Crawl Stone Soup version 0.31.0-12-g77e489cdc1 (webtiles) character file.

Game seed: 3212795109844724333

144 spaghetti the Ruffian (level 5, 0/32 HPs)
             Began as a Tengu Chaos Knight on Feb 27, 2024.
             Was a Plaything of Xom.
             Slain by an orc
             ... wielding a +0 mace
              (4 damage)
             ... on level 3 of the Dungeon.
             The game lasted 00:01:45 (1889 turns).

spaghetti the Ruffian (Tengu Chaos Knight)          Turns: 1889, Time: 00:01:47

Health: 0/32       AC:  7    Str: 14    XL:     5   Next: 26%
Magic:  6/6        EV: 11    Int: 13    God:    Xom [..*...]
Gold:   107        SH:  0    Dex: 13    Spells: 4/4 levels left

rFire   + .          .
                       - Unarmed
rCold   + . .        (no shield)
rNeg    . . .        a - +2 leather armour
rPois   +            (helmet restricted)
rElec   +            d - +1 cloak
rCorr   +            (no gloves)
SInv    .            (boots unavailable)
Will    .....        (no amulet)
Stlth   +            (no ring)
HPRegen 0.25/turn    (no ring)
MPRegen 0.10/turn

%: acrobat
@: resistant
A: beak, talons 3, acrobatic
a: Renounce Religion


You were on level 3 of the Dungeon.
You worshipped Xom.
You were a toy of Xom.
You visited 1 branch of the dungeon, and saw 3 of its levels.

You collected 107 gold pieces.

Inventory:

Armour
 a - a +2 leather armour (worn)
 d - a +1 cloak (worn)
Scrolls
 b - a scroll of butterflies
 c - 3 scrolls of identify {unknown}
 e - a scroll of brand weapon {unknown}
 f - a scroll of poison {unknown}
 i - 3 scrolls of immolation {unknown}
Potions
 g - 3 potions of curing {unknown}


   Skills:
 - Level 3.0 Fighting
 - Level 2.1 Armour
 - Level 1.1 Dodging
 + Level 6.3 Unarmed Combat


You had 4 spell levels left.
You didn't know any spells.
Your spell library contained the following spells:

 Spells                   Type           Power      Damage    Failure   Level
 Summon Small Mammal      Summ           0%         N/A       36%         1
 Call Canine Familiar     Summ           0%         N/A       75%         3
 Summon Blazeheart Golem  Fire/Summ      0%         N/A       98%         4


Dungeon Overview and Level Annotations

Branches:
Dungeon (3/15)

Altars:

Shops:
D:2 (


Innate Abilities, Weirdness & Mutations

You have a beak for a mouth.
You have claws for feet.
You can magically evade attacks while moving or waiting.


Message History

The orc hits you but does no damage.
You hit the orc but do no damage. Your kick misses the orc.
The orc is lightly wounded.
The orc hits you but does no damage. The orc hits you with a +0 mace.
You are too injured to fight recklessly!
You are too injured to fight recklessly!
You are too injured to fight recklessly!
You are too injured to fight recklessly!
You are too injured to fight recklessly!
You are too injured to fight recklessly!
You are too injured to fight recklessly!
You are too injured to fight recklessly!
You are too injured to fight recklessly!
You are too injured to fight recklessly!
You are too injured to fight recklessly!
You are too injured to fight recklessly!
You are too injured to fight recklessly!
You are too injured to fight recklessly!
You are too injured to fight recklessly!
You are too injured to fight recklessly!
You are too injured to fight recklessly!
There are monsters nearby!
There are monsters nearby!
It was a potion of resistance.
You feel protected.
The orc priest casts a cantrip, but nothing happens.
The orc hits you with a +0 club. The orc closely misses you.
You hit the orc but do no damage. Your peck misses the orc.
The orc priest calls down the wrath of Beogh upon you.
Beogh smites you!
* * * LOW HITPOINT WARNING * * *
The orc hits you but does no damage. The orc hits you with a +0 mace.
* * * LOW HITPOINT WARNING * * *
You barely miss the orc.
The orc priest looks satisfied for a moment.
The orc hits you with a +0 club.
* * * LOW HITPOINT WARNING * * *
The orc hits you with a +0 mace.
You die...
Xom guffaws!

#.## ..### #... .. #..# .#
#..########.##. #.............. .
##..####.##..#. ..
#........##..##..#
#@#.####.##..<#... ...
#oo.............<# ...
#o#.###..##...#..# ..# # .
..#.###..##...# . ..# #.# ..
.........##...#..# ..#
#.#....#......##...........
..#####.#....#.###..##...........
...............................>.
........#.#..#.####.##...#...##.#


You could see an orc priest and 2 orcs.

Vanquished Creatures
  Crazy Yiuf (D:2)
  A gnoll (D:1)
  5 adders
  4 dart slugs
  An orc (D:3)
  3 ball pythons
  5 endoplasms
  5 goblins
  6 hobgoblins
  4 jackals (D:1)
  4 quokkas
  A bat (D:1)
  5 frilled lizards
  9 kobolds
  2 rats
56 creatures vanquished.

Notes
Turn   | Place    | Note
-------+----------+-------------------------------------------
     0 | D:1      | spaghetti the Tengu Chaos Knight began the quest for the
                  | Orb.
     0 | D:1      | Reached XP level 1. HP: 14/14 MP: 2/2
   102 | D:1      | XOM: smoke on damage
   107 | D:1      | Reached XP level 2. HP: 11/19 MP: 3/3
   204 | D:1      | XOM: silly message
   232 | D:1      | Reached skill level 4 in Unarmed Combat
   470 | D:1      | XOM: divination: magic mapping
   475 | D:1      | Reached XP level 3. HP: 23/23 MP: 4/4
   996 | D:2      | Reached skill level 5 in Unarmed Combat
  1055 | D:2      | Found a runed translucent door.
  1056 | D:2      | Noticed Crazy Yiuf
  1119 | D:2      | Reached XP level 4. HP: 23/28 MP: 5/5
  1273 | D:2      | Found Gimmetzum's Weapon Boutique.
  1666 | D:2      | Killed Crazy Yiuf
  1667 | D:2      | Reached skill level 6 in Unarmed Combat
  1667 | D:2      | Reached XP level 5. HP: 32/32 MP: 6/6
  1748 | D:2      | XOM: silly message
  1801 | D:3      | Identified the beast talisman of Canatiw {*Slow rElec
                  | Str+4}
  1889 | D:3      | Slain by an orc

Illustrated notes

Levels and vault maps discovered:
D:1:      scummos_arrival_forest, layout_basic
D:2:      layout_basic, serial_shops, shop, uniq_crazy_yiuf_cottage
D:3:      layout_basic, mainiacjoe_overflow_surrounded_room, minmay_hedge_maze

Skill      XL: |  1  2  3  4 |
---------------+-------------+-----
Unarmed Combat | 4 5 6 |  6.3
Fighting       | |  3.0
Armour         | |  2.1
Dodging        | |  1.1

Action                     |  1- 3 |  4- 6 || total
---------------------------+-------+-------++-------
  Melee: Unarmed           |    92 |    48 ||   140
         Kick              |    19 |     6 ||    25
         Peck              |    14 |     3 ||    17
         Punch             |     3 |     1 ||     4
    Use: Potion            |     1 |     2 ||     3
   Stab: Invisible         |     1 |       ||     1
 Armour: Leather armour    |    47 |    24 ||    71
         Skin              |       |     5 ||     5
  Dodge: Dodged            |    64 |    17 ||    81
